 Dungeon Crawl Stone Soup version 0.22.1-1-ga44c0e5 (webtiles) character file.

114 buskinjo2 the Slasher (level 4, -1/31 HPs)
             Began as an Octopode Chaos Knight on Sept 30, 2018.
             Slain by Natasha (7 damage)
             ... on level 2 of the Dungeon.
             The game lasted 00:04:50 (1523 turns).

buskinjo2 the Slasher (Octopode Chaos Knight)       Turns: 1523, Time: 00:04:53

Health: -1/31      AC:  1    Str: 12    XL:     4   Next: 98%
Magic:  4/4        EV: 19    Int: 14    God:    Xom [.*....]
Gold:   64         SH:  0    Dex: 16    Spells: 3/3 levels left

rFire    . . .     SeeInvis .   a - +4 falchion (chaos)
rCold    . . .     Gourm    .   (no shield)
rNeg     . . .     Faith    .   (helmet restricted)
rPois    .         Spirit   .   (no amulet)
rElec    .         Reflect  .   (no ring)
rCorr    .         Harm     .   (no ring)
MR       .....                  (no ring)
Stlth    ++++......             (no ring)
HPRegen  0.10/turn              (no ring)
MPRegen  0.09/turn              (no ring)
                                (no ring)
                                (no ring)

@: agile
A: almost no armour, stealthy swim, amphibious, 8 rings, constrict 8, camouflage
1, gelatinous body 1
a: Renounce Religion


You were on level 2 of the Dungeon.
You worshipped Xom.
You were a plaything of Xom.
You were hungry.

You visited 1 branch of the dungeon, and saw 2 of its levels.

You collected 64 gold pieces.

Inventory:

Hand Weapons
 a - a +4 falchion of chaos (weapon)
Missiles
 g - 97 stones (quivered)
Jewellery
 e - an uncursed amulet of rage {unknown}
Wands
 j - a wand of polymorph (4)
Scrolls
 f - 2 scrolls of remove curse {unknown}
 h - a scroll of identify {unknown}
Potions
 i - a potion of might {unknown}
Comestibles
 b - 3 rations


   Skills:
 - Level 3.0 Fighting
 * Level 4.8 Long Blades
 - Level 2.3 Dodging
 + Level 3.4 Stealth


You had 3 spell levels left.
You didn't know any spells.
Your spell library was empty.

Dungeon Overview and Level Annotations

Branches:
Dungeon (2/15)

Altars:

Annotations:
D:2 Natasha, Robin


Innate Abilities, Weirdness & Mutations

You cannot wear most types of armour.
You are very stealthy in the water. (Stealth+)
You are amphibious.
You can wear up to eight rings at the same time.
You can use your tentacles to constrict eight enemies at once.
Your skin changes colour to match your surroundings (Stealth+).
Your rubbery body absorbs attacks. (AC +1, EV +1)


Message History

You barely miss the gnoll. Your grab misses the gnoll.
The gnoll is moderately wounded.
Natasha mewls in sadness.
The gnoll hits you.
You hit the gnoll but do no damage. You drain the gnoll!
Your grab misses the gnoll. You squeeze the gnoll.
The gnoll is severely wounded.
The gnoll hits you.
You hit Natasha. You grab Natasha.
Natasha is heavily wounded.
You constrict Natasha. Natasha claws you.
* * * LOW HITPOINT WARNING * * *
The gnoll closely misses you.
It was a potion of agility.
You feel agile all of a sudden.
Xom is amused.
You constrict Natasha.
Natasha mewls in sadness.
Natasha claws you!
You die...

#.##.###.########.#.......≈♣P≈≈P♣
.....# #...............####♣♣♣♣♣≈
...#.###.##.######>..#.#
...#.....##.# #..##g#
....)..####.# #.###.#
...###.####.### #g# #g#
.#.....##.....# #.# #g#
.#.###.##.....####.# #)# .#.#
#.........h@gg# #g# .#.#
####.....###### #†# .#.# #.....#
#.# ...########.### #.#
..†.........# #g# ##.....######
#.# #####.#


.gr #.# #!# #.# You could see Natasha, a gnoll and a goblin.

Vanquished Creatures
  A hound (D:2)
  Natasha (D:2)
  An adder (D:2)
  A worm (D:2)
  2 dart slugs (D:2)
  4 bats
  3 giant cockroaches (D:2)
  6 goblins
  9 hobgoblins
  3 jackals (D:1)
  A frilled lizard (D:2)
  6 kobolds
  5 rats
43 creatures vanquished.

Vanquished Creatures (others)
  A dart slug (D:1)
1 creature vanquished.

Grand Total: 44 creatures vanquished

Notes
Turn   | Place    | Note
-------+----------+-------------------------------------------
     0 | D:1      | buskinjo2 the Octopode Chaos Knight began the quest for the
                  | Orb.
     0 | D:1      | Reached XP level 1. HP: 16/16 MP: 1/1
    66 | D:1      | Reached skill level 1 in Stealth
    66 | D:1      | Reached XP level 2. HP: 13/21 MP: 2/2
   298 | D:1      | XOM: harmless Air miscast
   358 | D:1      | XOM: silly message
   582 | D:1      | Reached XP level 3. HP: 26/26 MP: 3/3
   823 | D:2      | XOM: harmless Summ miscast
   866 | D:2      | Noticed Natasha
   869 | D:2      | Reached skill level 4 in Long Blades
  1096 | D:2      | Reached XP level 4. HP: 30/31 MP: 4/4
  1178 | D:2      | XOM: smoke on damage
  1180 | D:2      | Noticed Natasha
  1180 | D:2      | Natasha changed into Natasha the hound
  1182 | D:2      | Killed Natasha the hound
  1211 | D:2      | Noticed Natasha
  1298 | D:2      | Killed Natasha
  1495 | D:2      | XOM: polymorph goblin -> gnoll
  1497 | D:2      | Noticed Robin
  1516 | D:2      | Noticed Natasha
  1523 | D:2      | Slain by Natasha

Skill      XL: |  1  2  3  4 |
---------------+-------------+-----
Stealth        | 1 2 3 |  3.4
Long Blades    | 4 |  4.8
Fighting       | |  3.0
Dodging        | |  2.3

Action                   |  1- 3 |  4- 6 || total
-------------------------+-------+-------++-------
Melee: Falchion          |    60 |    19 ||    79
       Constrict         |    19 |     7 ||    26
       Tentacles         |    16 |     5 ||    21
  Use: Scroll            |       |     4 ||     4
       Potion            |       |     1 ||     1
 Stab: Sleeping          |     8 |       ||     8
  Eat: Chunk             |       |     1 ||     1
Armor: Skin              |     9 |       ||     9
Dodge: Dodged            |    35 |    11 ||    46
       Rpst.: Falchion   |    13 |     5 ||    18
